 Dungeon Crawl Stone Soup version 0.31-a0-441-g867994ef1c (webtiles) character file.

Game seed: 4294823218699734752

344 Gelion the Changeling (level 6, -1/42 HPs)
             Began as an Octopode Shapeshifter on Aug 2, 2023.
             Slain by a gnoll
             ... wielding a +0 spear
             ... led by a gnoll bouda
              (3 damage)
             ... on level 4 of the Dungeon.
             The game lasted 00:03:45 (2458 turns).

Gelion the Changeling (Octopode Shapeshifter)       Turns: 2458, Time: 00:03:45

Health: -1/42      AC:  1    Str: 14    XL:     6   Next: 58%
Magic:  6/6        EV: 13    Int: 11    God:
Gold:   166        SH:  0    Dex: 14    Spells: 5/5 levels left

rFire   . .          .
                       - Unarmed
rCold   . . .        (no shield)
rNeg    . . .        (helmet currently unavailable)
rPois   .            (no amulet)
rElec   .            (no ring)
rCorr   .            (no ring)
SInv    .            (no ring)
Will    .....        (no ring)
Stlth   ++           (no ring)
HPRegen 0.27/turn    (no ring)
MPRegen 0.10/turn    (no ring)
                     (no ring)

%: no passive effects
@: beast-form
A: beast (slay +3), almost no armour, amphibious, 8 rings, camouflage 1,
gelatinous body 1, (nimble swimmer 1), tentacles
a: Begin Untransformation


You were on level 4 of the Dungeon.
You were a hulking beast.
You visited 1 branch of the dungeon, and saw 4 of its levels.

You collected 166 gold pieces.

Inventory:

Talismans
 b - a beast talisman (active)
Scrolls
 e - a scroll of identify {unknown}
 g - a scroll of teleportation {unknown}
 h - a scroll of silence {unknown}
 i - a scroll of revelation {unknown}
 j - a scroll of fear {unknown}
 k - 2 scrolls of enchant weapon {unknown}
 l - a scroll of vulnerability {unknown}
 m - a scroll of immolation {unknown}
Potions
 a - a potion of haste {unknown}
 c - 2 potions of attraction {unknown}
 d - 2 potions of brilliance {unknown}
 f - 3 potions of curing {unknown}


   Skills:
 + Level 3.1 Fighting
 - Level 2.0 Dodging
 + Level 4.4 Unarmed Combat
 * Level 4.8 Shapeshifting


You had 5 spell levels left.
You didn't know any spells.
Your spell library contained the following spells:

 Spells                   Type           Power      Damage    Failure   Level
 Ozocubu's Armour         Ice            0%         N/A       71%         3
 Metabolic Englaciation   Hex/Ice        0%         N/A       100%        5
 Conjure Ball Lightning   Conj/Air       0%         3x3d6     100%        6
 Simulacrum               Ice/Necr       0%         N/A       100%        6
 Discord                  Hex            0%         N/A       100%        8
 Disjunction              Tloc           0%         N/A       100%        8


Dungeon Overview and Level Annotations

Branches:
Dungeon (4/15)
 Temple: D:4-7

Altars:
Fedhas
Trog

Annotations:
D:4 Sigmund


Innate Abilities, Weirdness & Mutations

You are a hulking beast.
Your limbs bulge with bestial killing power. (Slay +3)
You cannot wear most types of armour.
You are amphibious.
You can wear up to eight rings at the same time.
Your skin changes colour to match your surroundings (Stealth+).
Your rubbery body absorbs attacks. (AC +1, EV +1)
((You are camouflaged when in or above water. (Stealth+)))
You have tentacles for arms and can constrict up to eight enemies at once.


Message History

You closely miss the orc. You grab the orc. You constrict the orc.
The orc barely misses you.
You tentacle-slap the orc. x2
You kill the orc!
You closely miss the orc priest. Your grab misses the orc priest.
Your squeeze misses the orc priest.
A gnoll bouda comes into view. It is wielding a +0 whip.
The orc priest hits you with a +0 mace.
You barely miss the orc priest. Your grab misses the orc priest.
You squeeze the orc priest!
The orc priest is heavily wounded.
The orc priest hits you with a +0 mace.
A gnoll comes into view. It is wielding a +0 spear.
You are too injured to fight recklessly!
You tentacle-slap the orc priest. Your grab misses the orc priest.
The orc priest is severely wounded.
The orc priest closely misses you.
You tentacle-slap the orc priest. You grab the orc priest.
You squeeze the orc priest.
You kill the orc priest!
Things that are here:
a +0 trident; a +0 chain mail The gnoll hits you from afar with a +0 spear!
The gnoll bouda barks out a call to the hunt!
The gnoll picks up the pace!
You hear a shout!
The gnoll bouda barks out a call to the hunt!
The gnoll hits you from afar with a +0 spear!
* * * LOW HITPOINT WARNING * * *
You hear a shout!
The gnoll hits you from afar with a +0 spear.
* * * LOW HITPOINT WARNING * * *
Things that are here:
a +0 trident; an orc corpse
Things that are here:
a +0 halberd; a +0 club; a hobgoblin corpse
Things that are here:
a +0 dagger; a +0 sling; a goblin corpse The gnoll hits you from afar with a +0 spear.
You die...

..........)....# ##.# #.
#............#.## ##. #.
#....?...g..>..... ...####.
#.......)...?..### ........
#........).....# ## #...
#............### ##..
###..........##############.
#.##g########).[..........
#. #.r)g)h.†..###########. #
############ #. #. #< #. #.
.. .# ..


You could see a gnoll bouda, a gnoll (swift) and a quokka.

Vanquished Creatures
  A black bear (D:3)
  An orc priest (D:4)
  3 orc wizards
  2 gnolls
  3 adders
  3 worms
  2 dart slugs
  9 orcs
  9 endoplasms
  7 goblins
  8 hobgoblins
  9 jackals
  3 quokkas
  5 ball pythons
  5 bats
  4 frilled lizards
  4 kobolds
  8 rats
86 creatures vanquished.

Notes
Turn   | Place    | Note
-------+----------+-------------------------------------------
     0 | D:1      | Gelion the Octopode Shapeshifter began the quest for the
                  | Orb.
     0 | D:1      | Reached XP level 1. HP: 13/13 MP: 1/1
   259 | D:1      | Reached XP level 2. HP: 17/18 MP: 2/2
   394 | D:1      | Reached XP level 3. HP: 23/23 MP: 3/3
   782 | D:2      | Reached XP level 4. HP: 28/29 MP: 4/4
   907 | D:2      | Found a bloodstained altar of Trog.
  1030 | D:2      | You fall into a shaft and drop 2 floors!
  1068 | D:4      | Noticed Sigmund
  1254 | D:3      | Found a blossoming altar of Fedhas.
  1576 | D:3      | Reached XP level 5. HP: 24/35 MP: 5/5
  1911 | D:3      | Noticed a black bear
  1918 | D:3      | Killed a black bear
  1919 | D:3      | Reached XP level 6. HP: 41/41 MP: 6/6
  2233 | D:3      | Found a faded altar of an unknown god.
  2455 | D:4      | HP: 2/42 [gnoll/+0 spear[a gnoll bouda] (5)]
  2458 | D:4      | Slain by a gnoll

Illustrated notes

Levels and vault maps discovered:
D:1:      heliophobic_arrival_ceremonial_halls, layout_basic,
          minmay_close_crescents
D:2:      layout_basic, basic_altar
D:3:      layout_basic, fedhas_altar_2, hellmonk_ecumenical_altar_arch_garden,
          st_stairs_9, serial_bayou_ford_a, corexii_hall_statues_u,
          hangedman_glass_teeth, minmay_gold_behind_fungi,
          kennysheep_flooded_box
D:4:      layout_loops_ring, uniq_sigmund

Skill      XL: |  1  2  3  4  5  6 |
---------------+-------------------+-----
Fighting       | 2 3 |  3.1
Shapeshifting  | 4 |  4.8
Unarmed Combat | 4 |  4.4
Dodging        | |  2.0

Action                     |  1- 3 |  4- 6 || total
---------------------------+-------+-------++-------
  Melee: Unarmed           |    52 |   103 ||   155
         Constrict         |    18 |    29 ||    47
         Tentacles         |    10 |    26 ||    36
         Punch             |     1 |     4 ||     5
    Use: Potion            |       |     1 ||     1
   Stab: Sleeping          |     3 |     8 ||    11
 Armour: Skin              |     1 |    10 ||    11
  Dodge: Dodged            |    35 |    42 ||    77

Table legend: (Time is in decaauts)
 A = Elapsed time spent in this place.
 B = Non-inter-level travel time spent in this place.
 C = Inter-level travel time spent in this place.
 D = Time resting spent in this place.
 E = Time spent auto-exploring this place.
 F = Levels seen in this place.
 G = Mean time per level.
                   A        B        C        D        E       F      G
               +--------+--------+--------+--------+--------+-----+--------+
         Total |   2446 |   2389 |     57 |     21 |   1874 |   4 |  611.5 |
       Dungeon |   2446 |   2389 |     57 |     21 |   1874 |   4 |  611.5 |
               +--------+--------+--------+--------+--------+-----+--------+

Top non-repeatable levels by time:
     D:3: 1006 daAuts
     D:1: 666 daAuts
     D:2: 592 daAuts
     D:4: 181 daAuts
